 Dungeon Crawl Stone Soup version 0.28-a0-1038-g9c4cb82 (webtiles) character file.

Game seed: 11703190925510072576

3249 HDogLeCool the Cleaver (level 9, -4/80 HPs)
             Began as a Green Draconian Fighter on Dec 8, 2021.
             Was a Priest of Fedhas.
             Slain by a komodo dragon (26 damage)
             ... on level 7 of the Dungeon.
             The game lasted 00:17:30 (9166 turns).

HDogLeCool the Cleaver (Green Draconian Fighter)    Turns: 9166, Time: 00:17:31

Health: -4/80      AC: 11    Str: 23    XL:     9   Next: 67%
Magic:  6/9        EV: 11    Int:  9    God:    Fedhas [***...]
Gold:   301        SH: 10    Dex: 10    Spells: 8/8 levels left

rFire   . . .      SeeInvis .   a - +1 war axe
rCold   . . .      Faith    .   x - +0 kite shield
rNeg    . . .      Spirit   .   (armour unavailable)
rPois   +          Reflect  .   (helmet restricted)
rElec   .          Harm     .   s - +0 cloak
rCorr   .          Rampage  .   e - +2 pair of gloves
Will    .....                   (no boots)
Stlth   +.........              (no amulet)
HPRegen 0.23/turn               (no ring)
MPRegen 0.11/turn               (no ring)

@: studying Short Blades
A: breathe noxious fumes, AC +7, unfitting armour, poison resistance,
cold-blooded
a: Breathe Noxious Fumes, Renounce Religion, Wall of Briars, Grow Ballistomycete


You were on level 7 of the Dungeon.
You worshipped Fedhas.
Fedhas was most pleased with you.
You visited 1 branch of the dungeon, and saw 7 of its levels.

You collected 325 gold pieces.
You spent 24 gold pieces at shops.

Inventory:

Hand Weapons
 a - a +1 war axe (weapon)
 o - a +4 battleaxe
Missiles
 f - 196 stones (quivered)
 g - 2 throwing nets
 m - 19 poisoned darts
 A - 5 curare-tipped darts
Armour
 b - a +0 buckler
 e - a +2 pair of gloves (worn)
 s - a +0 cloak (worn)
 x - a +0 kite shield (worn)
Jewellery
 C - a ring of fire
Wands
 r - a wand of paralysis (13)
 t - a wand of charming (4)
 y - a wand of mindburst (13)
 D - a wand of flame (2)
Scrolls
 h - 4 scrolls of teleportation
 j - a scroll of blinking
 n - a scroll of silence
 p - a scroll of enchant armour {unknown}
 B - a scroll of summoning
Potions
 c - a potion of might
 d - a potion of flight {unknown}
 i - a potion of degeneration
 k - a potion of attraction
 l - a potion of resistance
 q - a potion of heal wounds
 u - a potion of brilliance
 v - a potion of magic {unknown}
 w - a potion of curing
 z - 3 potions of mutation


   Skills:
 + Level 7.7 Fighting
 * Level 9.3 Axes
 - Level 2.6 Dodging
 * Level 8.7 Shields


You had 8 spell levels left.
You didn't know any spells.
Your spell library contained the following spells:

 Spells                   Type           Power      Damage    Failure   Level
 Animate Skeleton         Necr           0%         N/A       65%         1
 Apportation              Tloc           0%         N/A       65%         1
 Foxfire                  Conj/Fire      0%         2x1d4     65%         1
 Summon Small Mammal      Summ           0%         N/A       65%         1
 Corpse Rot               Necr/Air       0%         N/A       80%         2
 Passwall                 Tmut/Erth      0%         N/A       80%         2
 Poisonous Vapours        Pois/Air       0%         N/A       80%         2
 Sublimation of Blood     Necr           0%         N/A       80%         2
 Conjure Flame            Conj/Fire      0%         6-21      95%         3
 Inner Flame              Hex/Fire       0%         N/A       95%         3
 Swiftness                Air            0%         N/A       95%         3
 Tukima's Dance           Hex            0%         N/A       95%         3
 Flame Wave               Conj/Fire      0%         2d4       100%        4
 Passage of Golubria      Tloc           0%         N/A       100%        4
 Petrify                  Tmut/Erth      0%         N/A       100%        4
 Irradiate                Conj/Tmut      0%         3d13      100%        5
 Yara's Violent Unravell  Hex/Tmut       0%         3d3       100%        5


Dungeon Overview and Level Annotations

Branches:
Dungeon (7/15)             Temple (0/1) D:5

Altars:
Ashenzari
Fedhas

Shops:
D:2 *   D:6 *

Annotations:
D:4 3 runed translucent doors, Remcycle's ghost, amateur MfGl
D:7 Menkaure


Innate Abilities, Weirdness & Mutations

You can breathe blasts of noxious fumes.
Your lurid green scales are hard. (AC +7)
You cannot fit into any form of body armour.
Your system is resistant to poisons. (rPois)
You are cold-blooded and may be slowed by cold attacks.


Message History

The komodo dragon bites you but does no damage.
You hit the komodo dragon.
The komodo dragon is moderately wounded.
You block the komodo dragon's attack. The komodo dragon bites you!
You slash the komodo dragon!
The komodo dragon is heavily wounded.
The komodo dragon bites you!!
You completely miss the komodo dragon. You tail-slap the komodo dragon.
The komodo dragon is heavily wounded.
The komodo dragon bites you.
You hit the komodo dragon but do no damage.
You tail-slap the komodo dragon, but do no damage.
The komodo dragon is heavily wounded.
You are too injured to fight recklessly!
You are too injured to fight recklessly!
Okay, then.
The komodo dragon misses you.
You hit the komodo dragon.
The komodo dragon is severely wounded.
You block the komodo dragon's attack.
You hit the komodo dragon.
You tail-slap the komodo dragon, but do no damage.
The komodo dragon is severely wounded.
Menkaure, Prince of Dust comes into view.
The komodo dragon closely misses you.
You hit the komodo dragon.
The komodo dragon is almost dead.
Menkaure casts a spell.
Menkaure seems to speed up.
Menkaure grins.
Menkaure calls on the powers of darkness!
The komodo dragon convulses!
Your body is wracked with pain!
* * * LOW HITPOINT WARNING * * *
Okay, then.
The komodo dragon seems less confused.
A briar patch grows up from the ground. x3
You have got your breath back.
The komodo dragon bites you!!
You die...
Fedhas appreciates your contribution to the ecosystem.

.....####..##..###...........
###'#####.###...###..........
..........##<.#.# #..........
#####....##..##.# ##........>
#....##.###.. ##.......#
#....#..# #.###........
#<...#.## #..##........
#....#.# ###P..........
#....#.# #P@l..M.......
#....#)# #P##..........
#....).####.#####.......
##.###.#.>..# #...... .#
#...#### #..... .# #....#
..... #.##.# .... #.##.# ....
..##.#


You could see a komodo dragon (ally target) and Menkaure (fast).

Vanquished Creatures
  Prince Ribbit (D:5)
  A wraith (D:5)
  A water moccasin (D:7)
  3 ogres
  2 orc warriors (D:7)
  A black bear (D:7)
  A sky beast (D:5)
  A necrophage (D:7)
  2 centaurs (D:7)
  2 phantoms
  A kobold brigand (D:7)
  4 bullfrogs
  A gnoll sergeant (D:7)
  4 scorpions
  A wyvern zombie (D:5)
  A water moccasin skeleton (D:5)
  A vampire bat (D:4)
  2 wights (D:7)
  3 jellies
  Crazy Yiuf (D:3)
  2 centaur skeletons
  2 gnoll shamans
  A hound (D:7)
  3 bullfrog skeletons
  6 iguanas
  An orc wizard (D:7)
  2 hound zombies (D:5)
  A hound skeleton (D:5)
  A howler monkey zombie (D:5)
  7 gnolls
  7 adders
  2 shadow imps (D:7)
  2 white imps
  An ufetubus (D:3)
  An adder skeleton (D:4)
  4 worms
  2 dart slugs (D:2)
  3 fire bats (D:4)
  7 orcs
  2 spectral bats (D:4)
  14 bats
  3 bat skeletons (D:4)
  A bat zombie (D:4)
  9 endoplasms
  A giant cockroach (D:4)
  8 goblins
  6 hobgoblins
  14 jackals
  2 quokkas
  5 ball pythons
  A bat simulacrum (D:4)
  4 frilled lizards
  7 kobolds
  9 rats
175 creatures vanquished.

Vanquished Creatures (collateral kills)
  2 ballistomycete spores (D:5)
2 creatures vanquished.

Vanquished Creatures (others)
  10 plants (D:7)
10 creatures vanquished.

Grand Total: 187 creatures vanquished

Notes
Turn   | Place    | Note
-------+----------+-------------------------------------------
     0 | D:1      | HDogLeCool the Draconian Fighter began the quest for the
                  | Orb.
     0 | D:1      | Reached XP level 1. HP: 19/19 MP: 1/1
   110 | D:1      | Reached XP level 2. HP: 23/26 MP: 2/2
   521 | D:1      | Reached XP level 3. HP: 26/31 MP: 3/3
   981 | D:2      | Found Feuxavor's Assorted Antiques.
  1271 | D:2      | Reached skill level 3 in Axes
  1325 | D:1      | Reached XP level 4. HP: 28/40 MP: 4/4
  1733 | D:2      | Found a faded altar of an unknown god.
  1878 | D:2      | Prayed at the altar of an unknown god.
  1878 | D:2      | Became a worshipper of Fedhas Madash
  1878 | D:2      | Reached * piety under Fedhas
  2462 | D:3      | Reached XP level 5. HP: 46/46 MP: 5/5
  2616 | D:3      | Found a runed translucent door.
  2617 | D:3      | Noticed Crazy Yiuf
  3096 | D:3      | Killed Crazy Yiuf
  3097 | D:3      | Reached skill level 4 in Axes
  3454 | D:4      | Found a runed translucent gate.
  3454 | D:4      | Found a runed translucent gate.
  3454 | D:4      | Found a runed translucent gate.
  3483 | D:4      | Noticed a phantom
  3495 | D:4      | Killed a phantom
  3496 | D:4      | Reached XP level 6. HP: 44/53 MP: 6/6
  3498 | D:4      | Reached skill level 5 in Axes
  3632 | D:4      | Reached ** piety under Fedhas
  3705 | D:4      | Noticed Remcycle's ghost (amateur MfGl)
  3724 | D:4      | Reached skill level 5 in Fighting
  4219 | D:4      | Your scales start taking on a lurid green colour.
  4219 | D:4      | Reached XP level 7. HP: 60/61 MP: 7/7
  4219 | D:4      | Gained mutation: Your system is resistant to poisons.
                  | (rPois) [Green Draconian growth]
  4399 | D:5      | Entered Level 5 of the Dungeon
  4399 | D:5      | Found a staircase to the Ecumenical Temple.
  4413 | D:5      | Reached skill level 5 in Shields
  4524 | D:5      | Reached skill level 6 in Axes
  4846 | D:5      | Reached *** piety under Fedhas
  4984 | D:5      | Reached XP level 8. HP: 70/70 MP: 8/8
  5152 | D:5      | Noticed Prince Ribbit
  5168 | D:5      | Killed Prince Ribbit
  5169 | D:5      | Reached skill level 7 in Axes
  5277 | D:5      | Found a broken altar of Ashenzari.
  6584 | D:6      | Found Kibuim's General Store.
  6597 | D:6      | Bought a scroll of identify for 24 gold pieces
  6622 | D:6      | Reached skill level 8 in Axes
  7472 | D:7      | Reached XP level 9. HP: 49/78 MP: 9/9
  8443 | D:7      | Noticed a komodo dragon
  8904 | D:7      | Reached skill level 9 in Axes
  9159 | D:7      | Noticed Menkaure
  9166 | D:7      | Slain by a komodo dragon

Illustrated notes

Levels and vault maps discovered:
D:1:      dpeg_arrival_tiny_a, layout_basic, minmay_split_cup_small
D:2:      layout_basic, dreamdust_ecumenical_altar_grove, serial_shops,
          nicolae_shop_overgrown_old_shop
D:3:      layout_basic, st_stairs_7, minmay_puff, uniq_crazy_yiuf_cottage
D:4:      layout_basic, gammafunk_ghost_necromancy, goddamned_bats
D:5:      layout_gridville, old_standard_altar, minmay_temple_entry_grid,
          minmay_manual_mail, uniq_prince_ribbit1
D:6:      mumra_celtic_spiral_tile, layout_loops_ring, serial_shops, shop,
          supply_closet_lemuel
D:7:      minmay_the_grid_plus [minmay_the_grid_small_cups,
          minmay_the_grid_garden, minmay_the_grid_minigrid_small,
          minmay_the_grid_square_x, minmay_the_grid_prize_inner_circle],
          layout_rooms, uniq_menkaure

Skill      XL: |  1  2  3  4  5  6  7  8  9 |
---------------+----------------------------+-----
Axes           | 3 4 5 6 8 9 |  9.3
Shields        | 4 5 7 8 |  8.7
Fighting       | 4 5 6 7 |  7.7
Dodging        | |  2.6

Action                   |  1- 3 |  4- 6 |  7- 9 || total
-------------------------+-------+-------+-------++-------
Melee: War axe           |    97 |   177 |   332 ||   606
       Tailslap          |     9 |    27 |    43 ||    79
Throw: Stone             |       |       |     2 ||     2
Invok: Wall of Briars    |       |       |     2 ||     2
       Grow Ballistomyce |       |       |     1 ||     1
 Abil: Breathe Noxious F |       |       |    11 ||    11
  Use: Scroll            |       |       |    14 ||    14
 Stab: Sleeping          |     1 |     1 |       ||     2
       Confused          |       |       |     5 ||     5
Armor: Skin              |    38 |    74 |   158 ||   270
Dodge: Dodged            |    82 |   106 |   181 ||   369
Block: Buckler           |    32 |    18 |       ||    50
       Kite shield       |       |    45 |   169 ||   214

Table legend: (Time is in decaauts)
 A = Elapsed time spent in this place.
 B = Non-inter-level travel time spent in this place.
 C = Inter-level travel time spent in this place.
 D = Time resting spent in this place.
 E = Time spent auto-exploring this place.
 F = Levels seen in this place.
 G = Mean time per level.
                   A        B        C        D        E       F      G
               +--------+--------+--------+--------+--------+-----+--------+
         Total |   9398 |   9055 |    343 |   1938 |   5342 |   7 | 1342.6 |
       Dungeon |   9398 |   9055 |    343 |   1938 |   5342 |   7 | 1342.6 |
               +--------+--------+--------+--------+--------+-----+--------+

Top non-repeatable levels by time:
     D:6: 2140 daAuts
     D:4: 1506 daAuts
     D:5: 1502 daAuts
     D:3: 1335 daAuts
     D:2: 1007 daAuts
     D:1: 998 daAuts
     D:7: 908 daAuts
